 Dungeon Crawl Stone Soup version 0.14-a0-848-g57a047c (webtiles) character file.

344 PolkaDot the Ruinous (level 5, -2/35 HPs)
             Began as a Vampire Conjurer on Nov 14, 2013.
             Killed by nerve-wracking pain
             ... invoked by an orc priest
              (8 damage)
             ... on Level 4 of the Dungeon.
             The game lasted 00:08:43 (2892 turns).

PolkaDot the Ruinous (Vampire Conjurer)             Turns: 2892, Time: 00:08:44

HP  -2/35        AC  2     Str  7      XL: 5   Next: 38%
MP   2/9         EV 12     Int 18      God:
Gold 158         SH  0     Dex 14      Spells:  2 memorised,  3 levels left

Res.Fire  : . . .   See Invis. : +   l - +1 elf long sword (curse)
Res.Cold  : . . .   Warding    : .   a - +0 robe (curse)
Life Prot.: + . .   Conserve   : .   (no shield)
Res.Poison: .       Res.Corr.  : .   (no helmet)
Res.Elec. : .       Clarity    : .   (no cloak)
Sust.Abil.: . .     Spirit.Shd : .   (no gloves)
Res.Mut.  : .       Stasis     : .   (no boots)
Res.Rott. : .       Flight     : .   (no amulet)
Saprovore : . . .                    b - ring of protection from magic {unknown}
                                     m - ring of wizardry

@: quite resistant to hostile enchantments, stealthy
A: fangs 3, see invisible, unbreathing
a: Bat Form


You were on level 4 of the Dungeon.
You were not thirsty.

You visited 1 branch of the dungeon, and saw 4 of its levels.

You collected 158 gold pieces.

Inventory:

Hand weapons
 l - a cursed +1,+1 elven long sword (weapon)
Armour
 a - a cursed +0 robe (worn)
Scrolls
 d - 6 scrolls of remove curse
 e - a scroll of teleportation
 i - a scroll of curse armour
 o - a scroll of noise
Jewellery
 b - a ring of protection from magic (right hand) {unknown}
 g - an uncursed amulet of the gourmand {unknown}
 m - a ring of wizardry (left hand)
Potions
 f - 2 potions of speed {unknown}
 h - a potion of degeneration {unknown}
 k - 2 potions of slowing {unknown}
 n - 2 potions of curing {unknown}
 p - a potion of resistance {unknown}
Books
 c - a book of Conjurations

   Spells                             Type                      Level
   *Magic Dart                        Conjuration                  1
   *Searing Ray                       Conjuration                  2
   Dazzling Spray                     Conjuration/Hexes            3
   Iskenderun's Mystic Blast          Conjuration                  4
   Iskenderun's Battlesphere          Conjuration/Charms           4
   Fulminant Prism                    Conjuration/Hexes            5
 j - a book of War Chants

   Spells                             Type                      Level
   Fire Brand                         Charms/Fire                  2
   Freezing Aura                      Charms/Ice                   2
   Shroud of Golubria                 Charms/Translocation         2
   Repel Missiles                     Charms/Air                   2
   Poison Weapon                      Charms/Poison                3
   Regeneration                       Charms/Necromancy            3


   Skills:
 - Level 2.1 Dodging
 - Level 3.0 Stealth
 - Level 1.0 Spellcasting
 * Level 5.0 Conjurations


You had 3 spell levels left.
You knew the following spells:

 Your Spells              Type           Power        Failure   Level  Hunger
a - Magic Dart            Conj           ###.         1%          1    ##.....
s - Searing Ray           Conj           ###...       1%          2    ###....


Dungeon Overview and Level Annotations

Branches:
Dungeon (4/16)
 Temple: D:4-7

Altars:


Innate Abilities, Weirdness & Mutations

You have razor-sharp teeth.*
You have supernaturally acute eyesight.
You can survive without breathing.*


Message History

The orc hits you with an orcish hand axe.
You closely miss the orc priest.
The orc priest is almost dead.
The orc priest hits you with an orcish trident.
The orc barely misses you.
The orc priest hits you with an orcish trident!
* * * LOW HITPOINT WARNING * * *
The orc misses you.
Casting: Searing Ray
Confirm with . or Enter, or press ? or * to list all spells.
Aiming: Searing Ray
Press: ? - help, Shift-Dir - straight line, f/p - orc priest
Aim: an orc priest, wielding an orcish trident and wearing an orcish leather armour (almost dead)
The searing ray hits the orc priest.
The orc priest is almost dead.
The orc wizard gestures wildly while chanting.
The orc wizard seems to speed up.
The orc priest invokes the aid of Beogh against you.
Pain shoots through your body!
You die...

..## #.. .....### ###
#.. ........# #.# #..
#....... ##.#####..
#....... #.........
#......# #####..... .
#......# #..... .#
#....o.# #..... .#
#.####@# #....%
.####### #o# #.....
........ .
#o###########.....
........ ..#
#..>o....o........
........ ..#
#.........o..o....
.....# #.#
#.................
.....# #.#
#.................
.....# #.#
#..............o..
.....#
#.####...##########.###


You could see an orc priest, an orc wizard and an orc.

Vanquished Creatures
  A worker ant (D:4)
  An orc wizard (D:3)
  5 adders
  2 gnolls (D:2)
  2 worms
  4 orcs
  10 bats
  2 giant cockroaches (D:2)
  7 hobgoblins
  7 kobolds
  A ball python skeleton (D:4)
  4 giant newts
  5 goblins
  6 rats
57 creatures vanquished.

Notes
Turn   | Place    | Note
--------------------------------------------------------------
     0 | D:1      | PolkaDot, the Vampire Conjurer, began the quest for the Orb.
     0 | D:1      | Reached XP level 1. HP: 13/13 MP: 4/4
   358 | D:1      | Reached XP level 2. HP: 19/19 MP: 1/5
   832 | D:1      | Learned a level 2 spell: Searing Ray
   908 | D:2      | Reached XP level 3. HP: 13/24 MP: 1/6
  1196 | D:2      | Reached skill level 4 in Conjurations
  1357 | D:2      | Reached XP level 4. HP: 17/30 MP: 2/8
  2466 | D:4      | Reached XP level 5. HP: 35/35 MP: 6/9
  2610 | D:4      | Reached skill level 5 in Conjurations
  2892 | D:4      | Killed from afar by an orc priest

Action                   |  1- 3 |  4- 6 || total
-------------------------+-------+-------++-------
Melee: Unarmed           |     9 |       ||     9
       Spear             |    22 |     7 ||    29
       Long sword        |       |    65 ||    65
 Cast: Magic Dart        |    42 |    10 ||    52
       Searing Ray       |     3 |    10 ||    13
  Use: Scroll            |     1 |     5 ||     6
 Stab: Sleeping          |     2 |       ||     2
